 Dungeon Crawl Stone Soup version 0.30.1-4-g462c640d31 (webtiles) character file.

Game seed: 4482566530673449967

404 spardeous the Conjurer (level 6, -2/45 HPs)
             Began as a Demigod Conjurer on Aug 14, 2023.
             Slain by a lemure (3 damage)
             ... led by Pikel
             ... on level 3 of the Dungeon.
             The game lasted 00:04:43 (4684 turns).

spardeous the Conjurer (Demigod Conjurer)           Turns: 4684, Time: 00:04:43

Health: -2/45      AC:  6    Str:  8    XL:     6   Next: 30%
Magic:  0/15       EV: 10    Int: 28    God:
Gold:   241        SH:  0    Dex: 12    Spells: 6/13 levels left

rFire   . . .        (no weapon)
rCold   + . .        (no shield)
rNeg    + . .        p - +0 ring mail
rPois   .            (no helmet)
rElec   .            (no cloak)
rCorr   .            (no gloves)
SInv    .            q - +0 pair of boots
Will    .....        (no amulet)
Stlth   +            i - ring of protection from cold
HPRegen 0.27/turn    l - ring of positive energy
MPRegen 0.14/turn

%: no passive effects
@: no status effects
A: high MP 1, forlorn, divine attributes
a: no special abilities


You were on level 3 of the Dungeon.
You visited 1 branch of the dungeon, and saw 4 of its levels.
You also visited: Sewer.

You collected 241 gold pieces.

Inventory:

Armour
 a - a +0 robe
 p - a +0 ring mail (worn)
 q - a +0 pair of boots (worn)
 x - a +3 chain mail
Jewellery
 i - a ring of protection from cold (left hand)
 l - a ring of positive energy (right hand)
Wands
 B - a wand of iceblast (6)
Scrolls
 c - a scroll of butterflies {unknown}
 e - 4 scrolls of identify {unknown}
 f - 2 scrolls of teleportation {unknown}
 j - a scroll of magic mapping {unknown}
 k - 4 scrolls of fear {unknown}
 m - 2 scrolls of enchant weapon {unknown}
 t - 3 scrolls of enchant armour {unknown}
 u - 3 scrolls of torment {unknown}
 w - a scroll of silence {unknown}
 y - a scroll of noise {unknown}
 C - a scroll of poison {unknown}
Potions
 b - a potion of magic
 d - 3 potions of mutation {unknown}
 g - 2 potions of flight {unknown}
 h - a potion of brilliance {unknown}
 n - a potion of invisibility {unknown}
 o - 3 potions of heal wounds {unknown}
 r - a potion of lignification {unknown}
 s - 2 potions of might {unknown}
 v - a potion of resistance {unknown}
 z - a potion of berserk rage {unknown}


   Skills:
 - Level 1.7 Dodging
 - Level 1.7 Stealth
 + Level 4.3 Spellcasting
 + Level 5.7 Conjurations


You had 6 spell levels left.
You knew the following spells:

 Your Spells              Type           Power      Damage    Failure   Level
a - Magic Dart            Conj           100%       1d8       2%          1
b - Searing Ray           Conj           76%        2d7       3%          2
c - Iskenderun's Mystic   Conj/Tloc      22%        2d6       56%         4

Your spell library contained the following spells:

 Spells                   Type           Power      Damage    Failure   Level
 Dazzling Flash           Conj/Hex       44%        N/A       21%         3
 Fulminant Prism          Conj/Hex       11%        3d9       56%         4


Dungeon Overview and Level Annotations

Branches:
Dungeon (4/15)              Sewer (visited)
 Temple: D:4-7

Annotations:
D:4 Pikel


Innate Abilities, Weirdness & Mutations

You have an increased reservoir of magic. (+10% MP)
You shall have no god before yourself.
Your divine heritage dramatically boosts your attributes as you level up.


Message History

You now have 3/15 mp.
The searing ray hits the lemure.
The lemure is severely wounded.
You finish channelling your searing ray.
The lemure completely misses you.
You now have 2/15 mp.
The lemure attacks as you move away! The lemure barely misses you.
The lemure attacks as you move away! The lemure hits you but does no damage.
The lemure attacks as you move away! The lemure hits you.
* * * LOW HITPOINT WARNING * * *
There is a stone staircase leading up here.
You take 4 damage, and have 9/45 hp.
The lemure hits you!
* * * LOW HITPOINT WARNING * * *
You climb upwards.
There is a stone staircase leading down here.
You take 7 damage, and have 2/45 hp.
You feel better. The lemure hits you.
* * * LOW HITPOINT WARNING * * *
You regained 6 hp, and now have 8/45 hp.
Casting: Searing Ray (safe; 3% risk of failure)
Confirm with . or Enter, or press ? or * to list all spells.
Aiming: Searing Ray (safe; 3% risk of failure)
Press: ? - help, Shift-Dir - straight line, f - lemure
Aim: a lemure (heavily wounded, 76% to hit)
The searing ray misses the lemure. (Press . to maintain the ray.)
The lemure hits you.
* * * LOW HITPOINT WARNING * * *
The searing ray misses the lemure.
The lemure hits you.
* * * LOW HITPOINT WARNING * * *
You take 5 damage, and have 3/45 hp.
You now have 1/15 mp.
The searing ray hits the lemure!
The lemure is almost dead.
The lemure hits you.
* * * LOW HITPOINT WARNING * * *
You take 2 damage, and have 1/45 hp.
You now have 0/15 mp.
Without enough magic to sustain it, your searing ray dissipates.
The lemure hits you.
You die...

#.# #.##.# #..# #.#
#.###.##.########..# #.###
...................# #...#
#.###.#.#########.## ###.#
..###.#.# #..# #.# ....#.#.# #.##
#.# ###.#.#.# #.# #.# #.....#.#
#.# #.# ..#.###.# #@# ########.#
.##.# #.# #5# #........# .##.# #.#
#.# #.##.##### ....# #.# #.#
#.#.#.##### .#### #.# #.#
#..###..... .# #.#
#.######.#.#.##### .#
#.########...........###### .#
#..........................
.########..รท####.################


You could see a lemure.

Vanquished Creatures
  A lemure (D:4)
  3 bullfrogs
  10 adders
  2 river rats (Sewer)
  2 worms
  2 dart slugs
  An orc (D:4)
  16 ball pythons
  16 endoplasms
  3 giant cockroaches
  7 goblins
  A hobgoblin (D:4)
  A jackal (D:4)
  4 quokkas
  2 bats (D:3)
  6 frilled lizards
  3 kobolds
  35 rats
115 creatures vanquished.

Notes
Turn   | Place    | Note
-------+----------+-------------------------------------------
     0 | D:1      | spardeous the Demigod Conjurer began the quest for the Orb.
     0 | D:1      | Reached XP level 1. HP: 14/14 MP: 5/5
   255 | D:1      | Reached XP level 2. HP: 20/20 MP: 1/7
   599 | D:1      | Reached skill level 4 in Conjurations
   837 | D:1      | You fall into a shaft and drop 1 floor!
  1195 | D:2      | Reached XP level 3. HP: 26/26 MP: 5/9
  1199 | D:2      | Learned a level 2 spell: Searing Ray
  2452 | D:3      | Found a glowing drain.
  2527 | Sewer    | Entered a sewer
  2624 | Sewer    | Reached XP level 4. HP: 33/33 MP: 4/11
  3239 | Sewer    | Reached XP level 5. HP: 34/38 MP: 7/13
  3317 | Sewer    | Reached skill level 5 in Conjurations
  3983 | D:3      | Reached XP level 6. HP: 45/45 MP: 13/15
  4488 | D:4      | Learned a level 4 spell: Iskenderun's Mystic Blast
  4608 | D:4      | Noticed Pikel
  4678 | D:4      | HP: 1/45 [lemure[Pikel] (8)]
  4683 | D:3      | HP: 1/45 [lemure[Pikel] (3)]
  4684 | D:3      | Slain by a lemure

Illustrated notes

Levels and vault maps discovered:
D:1:      dpeg_arrival_ternary, layout_loops_ring, serial_rivers,
          chequers_serial_rivers_room_b, chequers_serial_rivers_micro_a,
          chequers_serial_rivers_small_3, chequers_serial_rivers_large_a,
          minmay_tromino_v4_a
D:2:      minmay_door_path, layout_basic, st_stairs_4,
          chequers_serial_rivers_micro_c, amcnicky_mini_corridor_feature,
          patterned_corridor
D:3:      layout_loops_ring, nemelex_xobeh_ov_fountains_minmay,
          portal_sewer_entry_a
D:4:      kennysheep_slugbush, layout_gridville,
          mainiacjoe_overflow_small_starburst, minmay_bent, uniq_pikel

Skill      XL: |  1  2  3  4  5 |
---------------+----------------+-----
Spellcasting   | 2 3 4 |  4.3
Conjurations   | 4 5 |  5.7
Dodging        | |  1.7
Stealth        | |  1.7

Action                     |  1- 3 |  4- 6 || total
---------------------------+-------+-------++-------
  Melee: Unarmed           |       |     2 ||     2
         Punch             |       |     1 ||     1
   Cast: Magic Dart        |    79 |   104 ||   183
         Searing Ray       |     4 |    10 ||    14
    Use: Potion            |       |     4 ||     4
 Armour: Ring mail         |     7 |    37 ||    44
  Dodge: Dodged            |    14 |    60 ||    74
